 Dungeon Crawl Stone Soup version 0.18-a0-1800-gdc7a371 (webtiles) character file.

6986 Murumi the Agent of Entropy (level 11, -1/79 HPs)
             Began as a Formicid Abyssal Knight on Apr 24, 2016.
             Was a Priest of Lugonu.
             Slain by a centaur skeleton (4 damage)
             ... in a volcano.
             The game lasted 00:55:14 (13800 turns).

Murumi the Agent of Entropy (FoAK)                 Turns: 13800, Time: 00:55:15

Health: -1/79      AC: 15    Str: 19    XL:     11   Next: 28%
Magic:  10/18      EV:  6    Int: 13    God:    Lugonu [***...]
Gold:   527        SH:  0    Dex: 10    Spells: 0 memorised, 10 levels left

rFire  . . .     SeeInvis +     e - +2 falchion
rCold  + . .     Gourm    .     y - +1 plate armour {rC+}
rNeg   . . .     Faith    .     (no shield)
rPois  +         Spirit   .     (helmet unavailable)
rElec  .         Dismiss  .     o - +0 cloak
rCorr  .         Reflect  .     (no gloves)
SustAt .         Harm     .     u - +0 pair of boots
MR     +....                    (no amulet)
Stlth  ..........               m - ring of stealth
                                n - ring of poison resistance

@: drained, somewhat resistant to hostile enchantments, extremely unstealthy
A: permanent stasis, dig shafts and tunnels, four strong arms, antennae 3
a: Dig, Shaft Self, Depart the Abyss, Bend Space, Banish, Renounce Religion


You were in a volcano.
You worshipped Lugonu.
Lugonu was most pleased with you.
You were near starving.

You visited 2 branches of the dungeon, and saw 10 of its levels.
You visited the Abyss 1 time.
You also visited: Volcano.

You collected 527 gold pieces.

Inventory:

Hand Weapons
 e - a +2 falchion (weapon)
 f - a +0 hand crossbow
Missiles
 l - 96 bolts
Armour
 o - a +0 cloak (worn)
 u - a +0 pair of boots (worn)
 y - a +1 plate armour of cold resistance (worn)
Jewellery
 m - a ring of stealth (right hand)
 n - a ring of poison resistance (left hand)
Wands
 j - a wand of flame (0/48)
 r - a wand of enslavement (0/24)
 x - a wand of acid (5/15)
Scrolls
 a - 2 scrolls of enchant weapon
 h - 2 scrolls of identify
 t - 2 scrolls of remove curse
 v - a scroll of fog
Potions
 d - 2 potions of brilliance
 q - 2 potions of cancellation
Comestibles
 c - 8 bread rations
 g - 6 fruits
 k - 5 meat rations
 s - 9 slices of pizza
 w - a royal jelly


   Skills:
 - Level 5.0(4.4) Fighting
 - Level 9.0(8.4) Long Blades
 + Level 8.5(8.0) Crossbows
 - Level 5.1(4.6) Armour
 - Level 1.0(0.5) Dodging
 - Level 10.0(9.4) Invocations
 - Level 6.0(5.4) Evocations


You had 10 spell levels left.
You didn't know any spells.

Dungeon Overview and Level Annotations

Branches:
Dungeon (9/15)             Temple (0/1) D:4            Lair (1/8) D:8
    Orc: D:9-12

Altars:
Cheibriados
Dithmenos
Fedhas
Gozag
Okawaru
Qazlal
Ru
Sif Muna
Xom
Yredelemnul
The Shining One


Innate Abilities, Weirdness & Mutations

You are under a permanent stasis effect.
You can dig through walls and to a lower floor.
Your four strong arms can wield two-handed weapons with a shield.
You have a pair of large antennae on your head (SInv).


Message History

Firing (i - inventory): No suitable missiles.
Press: ? - help, Shift-Dir - straight line, f - manticore skeleton
Aim: a manticore skeleton (translocational energy)
Okay, then.
Eat which item? (? for menu, Esc to quit)
You are feeling very hungry.
That lychee was delicious!
Press: ? - help, Shift-Dir - straight line, f - manticore skeleton
Aim: a manticore skeleton (translocational energy, chance to defeat MR: 90%)
The manticore skeleton is devoured by a tear in reality.
Lugonu claims a new guest.
You are near starving!
You start resting.
A centaur skeleton comes into view.
You hit the centaur skeleton.
The centaur skeleton hits you but does no damage.
The centaur skeleton hits you.
* * * LOW HITPOINT WARNING * * *
You hit the centaur skeleton. The centaur skeleton hits you.
You die...

#### ...### .....##
......### # ........###
.## .≈≈..§§§..### ...
≈≈≈≈.§§...§.### ..
§≈≈≈≈§§≈≈§§..≈####.#..#.
≈§≈§≈≈≈≈§§≈.....@Z......
§≈≈≈≈≈≈≈≈§§§.≈####.#..#.
≈≈≈§≈≈≈≈≈≈..### ..
§≈≈≈§≈≈≈≈≈≈≈# ...
≈≈§§≈≈≈§≈≈## #.#
§≈§§≈≈## # ≈§§§≈# ≈≈§##
≈##


You could see a centaur skeleton.

Vanquished Creatures
  Pikel (D:8)
  The ghost of shitmuffin the Archer, an amateur HEHu (D:5)
  A flying skull (Volcano)
  A hippogriff (D:8)
  A human (D:7)
  The ghost of spanner the Skirmisher, an amateur DsAK of Lugonu (D:4)
  A water moccasin (D:7)
  2 orc warriors
  A sky beast (D:8)
  An ice beast (D:5)
  An eye of draining (D:8)
  2 phantoms
  3 wolves (Lair:1)
  2 killer bees (D:7)
  2 ogres
  A centaur (D:5)
  2 crocodiles (D:8)
  A big kobold (D:7)
  Blork the orc (D:5)
  A giant frog (D:8)
  A wyvern zombie (D:6)
  A water moccasin skeleton (D:8)
  A jelly (D:7)
  A scorpion (D:4)
  3 wights (D:8)
  3 spriggan skeletons (Volcano)
  4 howler monkeys
  3 crimson imps
  A centaur zombie (D:8)
  A giant frog skeleton (D:4)
  6 hounds
  Crazy Yiuf (D:6)
  3 orc priests
  3 iguanas
  A two-headed ogre skeleton (Volcano)
  10 orc wizards
  7 worker ants
  3 sheep (D:7)
  11 adders
  A shadow imp (D:6)
  4 oozes
  An adder zombie (D:5)
  2 adder skeletons
  7 worms
  12 giant geckos
  25 orcs
  7 giant cockroaches
  6 goblins
  5 hobgoblins
  6 jackals
  9 kobolds
  4 quokkas
  2 ball pythons
  10 bats
  A giant gecko skeleton (D:8)
  3 giant newts
  A jackal zombie (D:5)
  A kobold skeleton (D:4)
  A quokka skeleton (D:5)
  6 rats
205 creatures vanquished.

Vanquished Creatures (collateral kills)
  An orc wizard (D:7)
  An orc priest (D:7)
  3 orcs (D:7)
5 creatures vanquished.

Vanquished Creatures (others)
  The ghost of shitmuffin the Basher, a novice HOFi of Beogh (D:8)
  An elephant (D:8)
  A wyvern (D:8)
  A minotaur skeleton (Volcano)
  The ghost of Bikalo the Changer, an amateur DgTm (D:7)
  A yak (D:7)
  2 vampires (Volcano)
  A human (D:4)
  A hungry ghost (D:8)
  4 slaves (D:8)
  2 orc warriors
  2 sky beasts
  A wasp (D:8)
  A killer bee (D:7)
  3 ogres
  A manticore skeleton (Volcano)
  3 wolves (Lair:1)
  A giant frog (D:3)
  A scorpion (D:8)
  A howler monkey (D:8)
  A hound (D:4)
  A fungus (Lair:1)
32 creatures vanquished.

Grand Total: 242 creatures vanquished

Notes
Turn   | Place    | Note
--------------------------------------------------------------
     0 | Abyss:1  | Murumi the Formicid Abyssal Knight began the quest for the Orb.
     0 | Abyss:1  | Reached XP level 1. HP: 18/18 MP: 2/2
    64 | D:1      | Escaped the Abyss
   109 | D:1      | Reached skill level 1 in Dodging
   112 | D:1      | Reached XP level 2. HP: 12/24 MP: 4/4
   224 | D:1      | Reached skill level 3 in Invocations
   834 | D:1      | Reached XP level 3. HP: 29/29 MP: 5/5
  1076 | D:1      | Reached skill level 4 in Invocations
  1107 | D:1      | Reached XP level 4. HP: 29/35 MP: 7/7
  1273 | D:2      | Reached ** piety under Lugonu
  1571 | D:2      | Reached XP level 5. HP: 32/41 MP: 8/8
  1691 | D:2      | Found a shadowy altar of Dithmenos.
  2244 | D:2      | Reached skill level 5 in Invocations
  2969 | D:3      | Reached *** piety under Lugonu
  2981 | D:3      | Noticed a giant frog
  2985 | D:3      | Banished a giant frog
  2985 | D:3      | Reached XP level 6. HP: 30/47 MP: 8/10
  3221 | D:4      | Noticed spanner's ghost (amateur DsAK)
  3306 | D:4      | Reached skill level 6 in Invocations
  3392 | D:4      | Found a staircase to the Ecumenical Temple.
  3413 | D:4      | Found a stormy altar of Qazlal.
  3577 | D:4      | Found a runed door.
  3577 | D:4      | Noticed a human
  3580 | D:4      | Found a basalt altar of Yredelemnul.
  3595 | D:4      | Found a sacrificial altar of Ru.
  3742 | D:4      | Banished a human
  3742 | D:4      | Reached skill level 7 in Invocations
  3742 | D:4      | Reached XP level 7. HP: 17/52 MP: 12/12
  4009 | D:4      | Found a blossoming altar of Fedhas.
  4103 | D:4      | Found a glowing golden altar of the Shining One.
  4112 | D:4      | Found a basalt altar of Yredelemnul.
  4175 | D:4      | Noticed an angel
  4183 | D:4      | Noticed a profane servitor
  4209 | D:4      | Killed spanner's ghost
  4209 | D:4      | Reached skill level 8 in Invocations
  4343 | D:5      | Entered Level 5 of the Dungeon
  4449 | D:5      | Noticed shitmuffin's ghost (amateur HEHu)
  4477 | D:5      | Killed shitmuffin's ghost
  4477 | D:5      | Reached skill level 9 in Invocations
  4477 | D:5      | Reached XP level 8. HP: 19/58 MP: 13/15
  5082 | D:5      | Noticed Blork the orc
  5116 | D:5      | Killed Blork the orc
  5116 | D:5      | Reached skill level 5 in Long Blades
  5262 | D:5      | Got an encrusted chain mail
  5273 | D:5      | Identified the cursed +0 chain mail of the Tarantula {*Drain rC+ Dex+2} (You found it on level 5 of the Dungeon)
  5570 | D:5      | HP: 4/87 [orc warrior/glaive (6)]
  5807 | D:5      | Found an iron altar of Okawaru.
  6107 | D:5      | Reached skill level 5 in Evocations
  6107 | D:5      | Reached XP level 9. HP: 62/64 MP: 16/16
  6508 | D:5      | Found a shimmering altar of Xom.
  6736 | D:6      | Found an opulent altar of Gozag.
  7015 | D:6      | Reached skill level 1 in Crossbows
  7390 | D:6      | Noticed Crazy Yiuf
  7402 | D:6      | Killed Crazy Yiuf
  7704 | D:7      | Noticed Bikalo's ghost (amateur DgTm)
  7774 | D:7      | Banished Bikalo's ghost
  8320 | D:7      | Reached skill level 5 in Crossbows
  8357 | D:7      | HP: 3/64 [ogre/giant club (19)]
  9085 | D:7      | Found a deep blue altar of Sif Muna.
  9134 | D:7      | Reached XP level 10. HP: 24/70 MP: 17/17
 10359 | D:8      | Noticed shitmuffin's ghost (novice HOFi)
 10561 | D:8      | Banished shitmuffin's ghost
 10813 | D:8      | Found a staircase to the Lair.
 10813 | D:8      | Noticed an elephant
 10818 | D:8      | Banished an elephant
 11020 | D:8      | Reached skill level 10 in Invocations
 11555 | D:8      | Noticed Pikel
 11585 | D:8      | Killed Pikel
 12136 | D:8      | Reached XP level 11. HP: 14/77 MP: 18/18
 12637 | D:8      | Found a snail-covered altar of Cheibriados.
 12726 | D:8      | Reached skill level 5 in Fighting
 13020 | Lair:1   | Entered Level 1 of the Lair of Beasts
 13148 | Lair:1   | Reached skill level 5 in Armour
 13192 | Lair:1   | HP: 2/79 [wolf (8)]
 13557 | Lair:1   | Found a dark tunnel.
 13562 | Volcano  | Entered a volcano
 13775 | Volcano  | HP: 1/79 [minotaur skeleton (19)]
 13799 | Volcano  | HP: 2/79 [centaur skeleton (4)]
 13800 | Volcano  | Slain by a centaur skeleton

Vault maps used:
D:1:      grunt_arrival_lava_bath
D:2:      nicolae_dithmenos_through_a_glass_darkly
D:4:      nicolae_ru_sacrificial_ziggurat, kennysheep_mini_moat,
          grunt_temple_overflow_holy_war, fedhas_altar_1,
          minmay_temple_entry_enclosed_plants, first_bread,
          dk_yredelemnul_ordeal
D:5:      lemuel_doored_altar, okawaru_trees_1, st_stairs_7,
          supply_closet_lemuel, uniq_blork_the_orc
D:6:      nicolae_gozag_seed_capital, grunt_ministairs_12, due_unseen_surprise,
          uniq_crazy_yiuf_cottage
D:7:      nicolae_overflow_crystal_walls, grunt_livestock,
          hangedman_decor_slide_cut
D:8:      slow_altar_1, david_lair_generic, kennysheep_generic_room_13,
          uniq_pikel
D:9:      fiery_altar_vehumet, marbit_many_paths, lemuel_crystal_altar,
          nicolae_qazlal_general_emergency
Lair:1:   enter_volcano_4, serial_bayou_shore_b, lemuel_fruit_fields
Volcano:  volcano_tomb

Skill      XL: |  1  2  3  4  5  6  7  8  9 10 11 |
---------------+----------------------------------+-----
Dodging        | 1 |  1.0
Invocations    | 3 4 5 7 9 10 | 10.0
Long Blades    | 3 4 5 6 8 9 |  9.0
Evocations     | 5 6 |  6.0
Armour         | 3 4 5 |  5.1
Crossbows      | 6 8 |  8.5
Fighting       | 4 5 |  5.0

Action                   |  1- 3 |  4- 6 |  7- 9 | 10-12 || total
-------------------------+-------+-------+-------+-------++-------
Melee: Falchion          |    45 |   240 |   611 |   590 ||  1486
Invok: Banish            |       |     1 |    11 |    14 ||    26
 Abil: Dig               |       |     3 |     6 |     5 ||    14
Evoke: Wand              |       |       |     4 |     9 ||    13
  Use: Scroll            |     3 |     7 |     5 |     3 ||    18
       Potion            |       |     1 |     4 |     1 ||     6
 Stab: Invisible         |       |       |     2 |       ||     2
  Eat: Chunk             |     1 |     9 |    21 |    16 ||    47
       Fruit             |       |       |     1 |     2 ||     3
       Beef jerky        |       |       |       |     4 ||     4
Armor: Leather armour    |     2 |       |       |       ||     2
       Ring mail         |    10 |     4 |       |       ||    14
       Scale mail        |       |    40 |       |       ||    40
       Chain mail        |       |    82 |   266 |   234 ||   582
       Skin              |       |       |    10 |       ||    10
       Plate armour      |       |       |       |   104 ||   104
Dodge: Dodged            |    27 |    89 |   214 |   149 ||   479
